AoeStats
← _LY_抖音肥龙

Nomad

508428077Analyzed
4v4 RM · 9d ago on Sep 22, 2026· 33m 51s· 8 players
Game mode
Random Map
Map size
231×231
Population
200
Speed
Normal
Resources
Standard
Victory
Conquest
Starting age
Dark Age
Ending age
Imperial Age
RankedLock teamsTeams togetherTeam positionsShared explorationLock speedFull tech treeHidden civsTurbo modeCheats
Victory
Defeat
🇨🇳 Chinese · China
2051
+2
🇨🇳 Spanish · China
2001
+2
🇭🇰 Persians · Hong Kong SAR China
1840
+5
🇨🇳 Vietnamese · China
1729
+8
🇵🇱 Wei · Poland
1742
-9
🇮🇳 Persians · India
1524
-3
🇨🇳 Spanish · China
1520
-3
🇯🇵 Jurchens · Japan
1448
-2
温蒂
4:32 Loom
13:47 Feudal Age
17:24 Castle Age
15:36 Double-Bit Axe
16:28 Fishing Lines
18:42 Bow Saw
18:24 Fletching
20:08 Gillnets
20:43 Horse Collar
22:25 Bodkin Arrow
26:01 Wheelbarrow
25:57 Padded Archer Armor
26:50 Scale Mail Armor
26:51 Squires
27:58 Ballistics
29:58 Hand Cart
30:07 Hand Cart
30:02 Gold Mining
33:52 Imperial Age
31:37 Stone Mining
32:06 Heavy Plow
32:27 Chain Mail Armor
33:10 Stone Shaft Mining
_LY_抖音肥龙
13:44 Feudal Age
14:18 Fishing Lines
14:24 Double-Bit Axe
17:20 Castle Age
15:23 Horse Collar
17:25 Loom
18:06 Bow Saw
18:44 Loom
19:50 Heavy Plow
20:26 Wheelbarrow
21:42 Hand Cart
22:03 Town Watch
23:56 Fletching
24:06 Town Watch
25:33 Ballistics
25:19 Bodkin Arrow
31:38 Imperial Age
30:06 Scale Barding Armor
30:02 Stone Mining
31:42 Chain Barding Armor
32:29 Conscription
32:40 Crop Rotation
32:16 Husbandry
32:26 Bloodlines
33:25 Two-Man Saw
33:21 Plate Barding Armor
33:18 Guilds
33:56 Forging
33:33 Elite War Elephant
CNZS_旋律
3:09 Loom
11:47 Feudal Age
12:13 Double-Bit Axe
14:04 Fishing Lines
19:39 Castle Age
17:33 Stone Mining
17:41 Horse Collar
18:32 Gold Mining
20:10 Gillnets
20:31 Bow Saw
22:08 Wheelbarrow
21:28 Fletching
22:01 Heavy Plow
22:10 Bodkin Arrow
24:37 Padded Archer Armor
25:47 Ballistics
26:38 Hand Cart
30:47 Imperial Age
28:59 Leather Archer Armor
29:28 Gold Shaft Mining
30:23 Stone Shaft Mining
30:15 Thumb Ring
31:29 Bracer
32:30 Chemistry
31:52 Conscription
32:17 Ring Archer Armor
32:59 Two-Man Saw
32:38 Elite Chu Ko Nu
33:50 Town Watch
CNZS_Dadaya
8:30 Loom
19:20 Feudal Age
20:08 Double-Bit Axe
24:51 Fishing Lines
27:35 Castle Age
26:47 Scale Barding Armor
27:21 Gold Mining
29:21 Chain Barding Armor
29:46 Sanctity
29:57 Sanctity
30:31 Redemption
31:01 Bloodlines
31:11 Fervor
31:45 Husbandry
32:37 Inquisition
fumisaiji
4:41 Loom
13:12 Feudal Age
18:08 Castle Age
16:04 Fletching
17:27 Double-Bit Axe
18:13 Gold Mining
18:12 Horse Collar
19:03 Bodkin Arrow
24:53 Town Watch
vidsag
6:36 Loom
24:57 Feudal Age
29:26 Castle Age
27:38 Double-Bit Axe
虎!虎!虎!
14:26 Feudal Age
12:44 Loom
15:28 Town Watch
18:07 Castle Age
17:20 Fishing Lines
17:33 Double-Bit Axe
19:34 Bow Saw
19:47 Medium Warships
20:54 Horse Collar
llllllllllllllll
5:44 Loom
14:20 Feudal Age
14:49 Double-Bit Axe
18:31 Castle Age
16:34 Gold Mining
16:28 Fishing Lines
17:26 Scale Barding Armor
18:01 Bloodlines
17:33 Horse Collar
20:55 Wheelbarrow
20:33 Bow Saw
20:32 Husbandry
22:08 Gillnets
22:44 Stone Mining
25:24 Chain Barding Armor
26:56 Town Watch
30:28 Gold Shaft Mining
31:31 Fletching
34:23 Hand Cart
Connection lost

Rejoining the realm…

Still unreachable

The connection could not be restored.

Session expired

The server has moved on; the page needs a fresh start.